 Dungeon Crawl Stone Soup version 0.17-a0-1403-g9df874c (webtiles) character file.

15883 bal the Covert (level 12, 0/90 HPs)
             Began as a Vine Stalker Assassin on June 20, 2015.
             Was an Elder of Fedhas.
             Killed from afar by an electric eel (5 damage)
             ... with a bolt of electricity
             ... on level 13 of the Dungeon.
             The game lasted 01:18:43 (11402 turns).

bal the Covert (Vine Stalker Assassin)             Turns: 11402, Time: 01:18:45

Health: 0/90       AC:  8    Str: 22    XL:     12   Next: 31%
Magic:  0/21       EV: 16    Int: 11    God:    Fedhas [****..]
Gold:   596        SH:  6    Dex: 18    Spells: 7 memorised, 10 levels left

rFire  . . .     SeeInvis +     a - +5 short sword (freeze)
rCold  . . .     Clarity  .     G - +0 leather armour "Axtavemn" {Regen+ SInv}
rNeg   . . .     SustAt   .     o - +0 buckler
rPois  .         Gourm    .     N - +0 helmet
rElec  .         Spirit   +     d - +0 cloak
rCorr  .         Warding  .     (no gloves)
rMut   .         Stasis   .     P - +0 pair of boots
MR     +....                    l - amulet of rage
Stlth  ..........               v - ring of stealth
                                m - +2 ring of protection

@: berserking, very quick, somewhat resistant to hostile enchantments, extremely
unstealthy
A: fangs 3, regeneration 3, magic shield, antimagic bite, no device heal 3, rot
immunity
a: Evolution, Sunlight, Growth, Reproduction, Renounce Religion, Evoke Berserk
Rage


You were on level 13 of the Dungeon.
You worshipped Fedhas.
Fedhas was greatly pleased with you.
You were not hungry.

You visited 2 branches of the dungeon, and saw 14 of its levels.

You collected 596 gold pieces.

Inventory:

Hand weapons
 a - a +5 short sword of freezing (weapon)
 b - a +0 blowgun
 k - a +0 hunting sling
 q - a +0 hand axe of chopping
 D - a +3 dagger of venom
 E - a +1 battleaxe
 J - a +1 long sword of slicing
 M - a +2 dagger of holy wrath
Missiles
 f - 2 curare-tipped needles
 p - 2 javelins (quivered)
 s - 26 sling bullets of frost
 t - 63 sling bullets
 B - 36 poisoned needles
 F - 17 sling bullets of flame
 I - 5 tomahawks
Armour
 c - a +0 robe
 d - a +0 cloak (worn)
 o - a +0 buckler (worn)
 x - a +1 robe of magic resistance
 G - the +0 leather armour "Axtavemn" (worn) {Regen+ SInv}
   (You found it on level 7 of the Dungeon)

   It lets you see invisible.
   It increases your rate of regeneration.
 N - a +0 helmet (worn)
 P - a +0 pair of boots (worn)
 Q - a cursed -1 plate armour
Jewellery
 l - an amulet of rage (around neck)
 m - a +2 ring of protection (left hand)
 v - a ring of stealth (right hand)
 C - a +1 ring of evasion
Magical devices
 T - a wand of digging (8)
Scrolls
 e - 4 scrolls of remove curse
 h - 2 scrolls of amnesia
 r - 2 scrolls of identify
 y - 4 scrolls of recharging
 H - a scroll of acquirement
 K - a scroll of immolation
Potions
 j - 7 potions of curing
 O - 2 potions of flight
 R - a potion of brilliance
Books
 i - a book of Debilitation

   Spells                             Type                      Level
   a - Corona                         Hexes                        1
   b - Slow                           Hexes                        2
   c - Gell's Gravitas                Hexes/Translocation          3
   d - Inner Flame                    Hexes/Fire                   3
   e - Cause Fear                     Hexes                        4
   f - Leda's Liquefaction            Hexes/Earth                  4
 n - a book of Frost

   Spells                             Type                      Level
   a - Freeze                         Ice                          1
   b - Throw Frost                    Conjuration/Ice              2
   c - Ozocubu's Armour               Charms/Ice                   3
   d - Throw Icicle                   Conjuration/Ice              4
   e - Summon Ice Beast               Ice/Summoning                4
   f - Condensation Shield            Ice                          4
 w - a Young Poisoner's Handbook

   Spells                             Type                      Level
   a - Sting                          Conjuration/Poison           1
   b - Cure Poison                    Poison                       2
   c - Mephitic Cloud                 Conjuration/Poison/Air       3
   d - Olgreb's Toxic Radiance        Poison                       4
   e - Venom Bolt                     Conjuration/Poison           5
 z - a Grand Grimoire {highlevel, unknown}

   This book is beyond your current level of understanding.

   Spells                             Type                      Level
   a - Monstrous Menagerie            Summoning                    6
   b - Summon Greater Demon           Summoning                    7
   c - Malign Gateway                 Summoning/Translocation      7
   d - Summon Horrible Things         Summoning                    8
 A - the Almanac of the Compass and Poison
   (You acquired it on level 11 of the Dungeon)

   Spells                             Type                      Level
   a - Apportation                    Translocation                1
   b - Blink                          Translocation                2
   c - Olgreb's Toxic Radiance        Poison                       4
   d - Warp Weapon                    Charms/Translocation         5
   e - Poisonous Cloud                Conjuration/Poison/Air       6
 L - a book of Ice

   Spells                             Type                      Level
   a - Ice Form                       Ice/Transmutation            4
   b - Metabolic Englaciation         Hexes/Ice                    5
   c - Ozocubu's Refrigeration        Ice                          6
   d - Bolt of Cold                   Conjuration/Ice              6
   e - Freezing Cloud                 Conjuration/Ice/Air          6
   f - Simulacrum                     Ice/Necromancy               6
 S - a book of the Dragon

   Spells                             Type                      Level
   a - Flame Tongue                   Conjuration/Fire             1
   b - Cause Fear                     Hexes                        4
   c - Bolt of Fire                   Conjuration/Fire             6
   d - Dragon Form                    Transmutation                7
   e - Dragon's Call                  Summoning                    9
 U - a book of Envenomations

   Spells                             Type                      Level
   a - Spider Form                    Transmutation/Poison         3
   b - Alistair's Intoxication        Transmutation/Poison         4
   c - Olgreb's Toxic Radiance        Poison                       4
   d - Poisonous Cloud                Conjuration/Poison/Air       6
 V - a book of Annihilations {highlevel, unknown}

   This book is beyond your current level of understanding.

   Spells                             Type                      Level
   a - Poison Arrow                   Conjuration/Poison           6
   b - Chain Lightning                Conjuration/Air              8
   c - Lehudib's Crystal Spear        Conjuration/Earth            8
   d - Glaciate                       Conjuration/Ice              9
   e - Fire Storm                     Conjuration/Fire             9
Comestibles
 g - 7 bread rations
 u - 5 fruits
 W - 7 slices of pizza
 X - 2 beef jerkies
 Y - a royal jelly


   Skills:
 + Level 5.4 Fighting
 + Level 6.5 Short Blades
 + Level 5.8 Throwing
 + Level 3.6 Armour
 + Level 6.4 Dodging
 + Level 12.6 Stealth
 + Level 4.9 Shields
 + Level 3.0 Unarmed Combat
 + Level 5.8 Spellcasting
 + Level 1.5 Conjurations
 + Level 0.6 Hexes
 + Level 0.2 Translocations
 + Level 2.2 Air Magic
 + Level 3.4 Poison Magic
 + Level 6.2 Invocations
 + Level 0.3 Evocations


You had 10 spell levels left.
You knew the following spells:

 Your Spells              Type           Power        Failure   Level  Hunger
a - Sting                 Conj/Pois      #...         12%         1    None
b - Cure Poison           Pois           ##........   12%         2    ##.....
c - Mephitic Cloud        Conj/Pois/Air  #.......     30%         3    ###....
d - Slow                  Hex            #.......     28%         2    ##.....
e - Freeze                Ice            #...         28%         1    None
f - Blink                 Tloc           N/A          34%         2    ##.....
g - Flame Tongue          Conj/Fire      #....        17%         1    None


Dungeon Overview and Level Annotations

Branches:
Dungeon (13/15)            Temple (0/1) D:5            Lair (1/8) D:10
    Orc (0/4) D:12
 Vaults: D:13-14

Altars:
Elyvilon
Fedhas
Nemelex Xobeh
Okawaru
Qazlal
Sif Muna

Shops:
D:13 *

Annotations:
D:13 1 exclusion
Lair:1 MordorOrchid's ghost, experienced TrMo


Innate Abilities, Weirdness & Mutations

You have razor-sharp teeth.
You regenerate.
When hurt, damage is shared between your health and your magic reserves.
Your bite disrupts and absorbs the magic of your enemies.
Potions and wands cannot restore your health.
You are immune to rotting.


Message History

* * * LOW HITPOINT WARNING * * *
The bolt of electricity hits your wandering mushroom.
The water elemental hits you.
* * * LOW HITPOINT WARNING * * *
A jelly comes into view.
Use which ability? (? or * to list)
Okay, then.
Drink which item? (? for menu, Esc to quit)
Okay, then.
Read which item? (? for menu, Esc to quit)
Okay, then.
Use which ability? (? or * to list)
A red film seems to cover your vision as you go berserk!
You feel yourself moving faster!
You feel mighty!
Some water evaporates in the bright sunlight.
The jelly quivers.
The electric eel shoots out a bolt of lightning at you!
The bolt of electricity hits you!
You die...
Fedhas appreciates your contribution to the ecosystem.

#......#f.............
....##.f#f.......... #
.#.......f.....#.. ##
#########f....##.. ##.
.......ff...........##..
####..f#####.#.........
#####.#f#####.#.###..###
≈≈≈≈≈.≈.f≈≈≈≈.≈........f
≈≈≈≈≈.≈@f≈≈≈≈.≈.≈≈≈≈###f
≈≈≈≈≈.≈E.≈≈≈≈...........
≈≈≈≈≈.≈≈.≈≈≈≈.≈.≈≈≈≈###.
≈≈≈≈≈.≈≈.≈≈≈≈.≈.≈≈≈≈###.
≈≈≈≈≈...................
≈≈;≈;≈≈≈≈.≈.≈.≈.≈≈≈≈####
≈≈≈≈≈≈≈≈≈..≈≈.≈.≈..
J≈≈≈≈≈≈≈≈≈.≈≈...≈.
≈≈≈...............


You could see a water elemental, a jelly, 2 electric eels and 6 friendly
wandering mushrooms.

Vanquished Creatures
  Erolcha (D:12)
  A hydra (D:11)
  Nergalle (D:10)
  The ghost of HEYYEYAAE the Zephyrmancer, an experienced HuAE (D:5)
  2 unseen horrors
  2 centaur zombies
  A gargoyle (D:12)
  A two-headed ogre (D:9)
  Prince Ribbit (D:7)
  A deep elf mage (D:12)
  4 yaks
  A hog (D:12)
  3 hippogriffs (D:12)
  A mottled dragon (D:12)
  Menkaure (D:6)
  The ghost of Baka the Firebug, an average DEFE (D:4)
  3 sky beasts
  A phantom (D:4)
  A black bear (D:12)
  5 ogres
  2 ice beasts
  4 orc warriors
  2 necrophages
  3 big kobolds
  5 centaurs
  6 giant frogs
  7 killer bees
  9 wights
  5 scorpions
  An electric eel (D:13)
  4 hounds
  9 orc wizards
  3 crimson imps
  4 jellies
  7 orc priests
  2 centaur skeletons
  3 giant frog skeletons
  5 iguanas
  7 worker ants
  4 sheep
  3 hound skeletons
  A worker ant zombie (D:11)
  16 adders
  4 gnolls (D:10)
  A shadow imp (D:8)
  An ooze (D:2)
  An adder zombie (D:7)
  3 worms
  43 orcs
  6 giant cockroaches
  16 hobgoblins
  7 jackals
  5 ball pythons
  15 bats
  2 giant newts
  11 goblins
  26 kobolds
  6 quokkas
  A quokka skeleton (D:5)
  16 rats
309 creatures vanquished.

Vanquished Creatures (collateral kills)
  2 hill giants (D:10)
  A manticore (D:12)
  A cyclops (D:11)
  A komodo dragon (D:10)
  A human (D:12)
  A wandering mushroom (D:10)
  A steam dragon (D:12)
  13 yaks
  2 vampire mosquitoes (D:12)
  A soldier ant (D:11)
  3 necrophages (D:11)
  3 orc warriors
  An eye of draining (D:9)
  6 centaurs
  2 phantoms
  A crocodile (D:10)
  A giant frog (D:13)
  A scorpion (D:10)
  8 wights
  9 killer bees
  A hound (D:10)
  A crimson imp (D:11)
  An orc priest (D:12)
  A giant frog skeleton (D:10)
  2 orc wizards
  A gnoll shaman (D:10)
  A hound skeleton (D:8)
  A mummy (D:11)
  An adder (D:10)
  A gnoll (D:10)
  8 orcs
  A hobgoblin (D:11)
  A jackal (D:11)
  5 kobolds
85 creatures vanquished.

Vanquished Creatures (others)
  19 wandering mushrooms
  334 toadstools
353 creatures vanquished.

Grand Total: 747 creatures vanquished

Notes
Turn   | Place    | Note
--------------------------------------------------------------
     0 | D:1      | bal the Vine Stalker Assassin began the quest for the Orb.
     0 | D:1      | Reached XP level 1. HP: 11/11 MP: 2/2
    24 | D:1      | Reached skill level 5 in Stealth
    60 | D:1      | Reached XP level 2. HP: 8/15 MP: 1/3
   196 | D:1      | Reached skill level 1 in Dodging
   722 | D:2      | Reached XP level 3. HP: 16/18 MP: 2/4
  1318 | D:2      | Found a blossoming altar of Fedhas.
  1329 | D:2      | Noticed an oklob plant
  1341 | D:2      | Became a worshipper of Fedhas Madash
  1525 | D:3      | Reached skill level 6 in Stealth
  1613 | D:3      | Reached XP level 4. HP: 21/23 MP: 5/5
  1699 | D:3      | Found an iron altar of Okawaru.
  1880 | D:3      | Acquired Fedhas's first power
  2059 | D:3      | Reached XP level 5. HP: 14/26 MP: 2/6
  2221 | D:3      | You fall through a shaft!
  2285 | D:4      | Acquired Fedhas's second power
  2450 | D:4      | Reached skill level 1 in Shields
  2513 | D:4      | Gained mutation: You heal very quickly. [Vine Stalker growth]
  2513 | D:4      | Reached XP level 6. HP: 18/32 MP: 4/7
  2716 | D:4      | Noticed a phantom
  2844 | D:4      | Killed a phantom
  2844 | D:4      | Reached skill level 7 in Stealth
  2901 | D:4      | Reached skill level 9 in Stealth
  2901 | D:4      | Reached XP level 7. HP: 35/37 MP: 7/14
  2904 | D:4      | Learned a level 1 spell: Sting
  2907 | D:4      | Learned a level 2 spell: Cure Poison
  3156 | D:4      | Noticed Baka's ghost (average DEFE)
  3166 | D:4      | Killed Baka's ghost
  3166 | D:4      | Gained mutation: You have razor-sharp teeth. [Vine Stalker growth]
  3166 | D:4      | Reached XP level 8. HP: 42/42 MP: 15/15
  3374 | D:4      | Noticed an ogre
  3403 | D:4      | Killed an ogre
  3481 | D:5      | Entered Level 5 of the Dungeon
  3482 | D:5      | Noticed HEYYEYAAE's ghost (experienced HuAE)
  3563 | D:4      | Learned a level 3 spell: Mephitic Cloud
  3817 | D:5      | Killed HEYYEYAAE's ghost
  3817 | D:5      | Reached skill level 5 in Short Blades
  3817 | D:5      | Reached skill level 1 in Poison Magic
  3817 | D:5      | Reached XP level 9. HP: 45/45 MP: 15/17
  4199 | D:5      | Found a staircase to the Ecumenical Temple.
  4500 | D:5      | Found a deep blue altar of Sif Muna.
  4507 | D:5      | Learned a level 2 spell: Slow
  4565 | D:6      | Acquired Fedhas's third power
  4666 | D:6      | Reached skill level 10 in Stealth
  4835 | D:6      | Noticed Menkaure
  4838 | D:6      | Killed Menkaure
  4972 | D:6      | Noticed a centaur skeleton
  4985 | D:6      | Killed a centaur skeleton
  4997 | D:6      | Found a white marble altar of Elyvilon.
  5437 | D:7      | Found a sparkling altar of Nemelex Xobeh.
  5474 | D:7      | Noticed Prince Ribbit
  5476 | D:7      | Killed Prince Ribbit
  5476 | D:7      | Reached skill level 1 in Air Magic
  5495 | D:7      | Reached XP level 10. HP: 39/51 MP: 18/18
  5610 | D:7      | Acquired Fedhas's fourth power
  5921 | D:7      | Found a stormy altar of Qazlal.
  6022 | D:7      | Got a spiked leather armour
  6023 | D:7      | Identified the +0 leather armour "Axtavemn" {Regen+ SInv} (You found it on level 7 of the Dungeon)
  6119 | D:8      | Reached skill level 11 in Stealth
  6639 | D:8      | Reached skill level 5 in Dodging
  6684 | D:8      | Reached skill level 5 in Spellcasting
  7519 | D:10     | Entered Level 10 of the Dungeon
  7546 | D:10     | Reached skill level 5 in Throwing
  7624 | D:10     | Noticed Nergalle
  7647 | D:10     | Killed Nergalle
  7711 | D:10     | Noticed an unseen horror
  7731 | D:10     | Killed an unseen horror
  7731 | D:10     | Reached XP level 11. HP: 11/54 MP: 3/19
  7823 | D:10     | Noticed a hill giant
  7860 | D:10     | Killed a hill giant
  7984 | D:10     | Reached skill level 5 in Invocations
  8079 | D:10     | Reached skill level 12 in Stealth
  8142 | D:10     | Found a staircase to the Lair.
  8147 | D:10     | Noticed a hill giant
  8159 | D:10     | Killed a hill giant
  8517 | D:10     | Learned a level 1 spell: Freeze
  8887 | Lair:1   | Entered Level 1 of the Lair of Beasts
  8901 | Lair:1   | Noticed MordorOrchid's ghost (experienced TrMo)
  8903 | D:10     | Reached skill level 1 in Conjurations
  9170 | D:11     | Noticed a six-headed hydra
  9173 | D:11     | Killed a six-headed hydra
  9382 | D:11     | Reached skill level 5 in Fighting
  9540 | D:11     | Noticed an unseen horror
  9556 | D:11     | Killed an unseen horror
 10304 | D:11     | Identified 2 scrolls of acquirement
 10307 | D:11     | Identified the Almanac of the Compass and Poison (You acquired it on level 11 of the Dungeon)
 10312 | D:11     | Learned a level 2 spell: Blink
 10314 | D:11     | Learned a level 1 spell: Flame Tongue
 10351 | D:12     | Found a staircase to the Orcish Mines.
 10453 | D:12     | Gained mutation: You regenerate. [Vine Stalker growth]
 10453 | D:12     | Reached XP level 12. HP: 60/60 MP: 21/21
 10523 | D:12     | Noticed Erolcha
 10557 | D:12     | Killed Erolcha
 11329 | D:13     | Found Resarph's Assorted Antiques.
 11401 | D:13     | HP: 3/60 [water elemental (1)]
 11402 | D:13     | Killed from afar by an electric eel

Vault maps used:
D:1:      dpeg_arrival_leaves_temple_mockup
D:2:      tgw_fedhas
D:3:      okawaru_gym_becter, kennysheep_cross_room, grunt_ministairs_14,
          hangedman_abyss_or_decor_lesser_grid
D:4:      first_bread, minivault_23, hangedman_abyss_or_decor_passed,
          minmay_goblin_outpost
D:5:      minmay_item_behind_shaft, nrook_pool_corridor, minmay_splitting_lines,
          minmay_misc_feat_columns, lemuel_blue_sif_altar
D:6:      lemuel_doored_altar, uniq_menkaure
D:7:      nemelex_xobeh_ov_fountains_minmay, nicolae_qazlal_eye_of_the_storm,
          uniq_prince_ribbit1
D:10:     david_lair_shrubbed, uniq_nergalle
D:11:     serial_undead, serial_undead_d, serial_undead_d, serial_undead_e,
          serial_undead_e
D:12:     orc_0_dummy, grunt_livestock, uniq_erolcha
D:13:     grunt_vaults_entry_fortified, serial_shops, nicolae_shop_waterfront,
          special_room, minivault_19
Lair:1:   infiniplex_staircase_pool, lemuel_fruit_fields

Action                   |  1- 3 |  4- 6 |  7- 9 | 10-12 || total
-------------------------+-------+-------+-------+-------++-------
Melee: Dagger            |    88 |   120 |   219 |   172 ||   599
       Short sword       |       |       |       |   183 ||   183
 Fire: Blowgun           |     4 |    20 |    19 |    67 ||   110
Throw: Javelin           |       |    11 |    16 |    25 ||    52
       Tomahawk          |       |       |       |     1 ||     1
 Cast: Sting             |       |       |     7 |    10 ||    17
       Cure Poison       |       |       |     3 |     3 ||     6
       Mephitic Cloud    |       |       |     3 |    20 ||    23
       Slow              |       |       |       |     3 ||     3
       Flame Tongue      |       |       |       |     2 ||     2
       Blink             |       |       |       |     1 ||     1
Invok: Evolution         |       |       |       |    36 ||    36
       Sunlight          |       |       |       |     3 ||     3
       Growth            |       |       |       |     1 ||     1
 Abil: Evoke Berserk Rag |       |       |     1 |     1 ||     2
  Use: Potion            |       |     4 |     7 |     6 ||    17
       Scroll            |       |       |    12 |    12 ||    24
 Stab: Sleeping          |    13 |    12 |    18 |    35 ||    78
       Distracted        |       |       |     3 |     3 ||     6
       Confused          |       |       |       |     8 ||     8
  Eat: Meat ration       |     1 |       |       |     3 ||     4
       Bread ration      |       |     1 |     1 |       ||     2
       Pizza             |       |       |     1 |     4 ||     5
       Beef jerky        |       |       |     1 |     2 ||     3
